 Dungeon Crawl Stone Soup version 0.29-a0-330-g52719c12eb (webtiles) character file.

Game seed: 10147330558307196642

7142 kae the Arsonist (level 10, -2/60 HPs)
             Began as a Deep Elf Fire Elementalist on Apr 19, 2022.
             Was a Priest of Ru.
             Slain by a troll (5 damage)
             ... on level 9 of the Dungeon.
             The game lasted 00:08:51 (13417 turns).

kae the Arsonist (Deep Elf Fire Elementalist)      Turns: 13417, Time: 00:08:51

Health: -2/60      AC:  7    Str:  5    XL:     10   Next: 85%
Magic:  14/26      EV: 13    Int: 25    God:    Ru [***...]
Gold:   378        SH:  0    Dex: 21    Spells: 15/29 levels left

rFire   + . .      SeeInvis .   n - staff of conjuration
rCold   . . .      Faith    .   (no shield)
rNeg    . . .      Spirit   .   a - +1 robe
rPois   .          Reflect  .   q - +2 helmet
rElec   .          Harm     .   (no cloak)
rCorr   .          Rampage  .   (no gloves)
Will    +....                   o - +0 pair of boots
Stlth   ++........              (no amulet)
HPRegen 0.20/turn               s - ring of protection from fire
MPRegen 0.20/turn               x - +6 ring of dexterity

@: no status effects
A: inability to use devices, hated by all
a: Renounce Religion, Draw Out Power


You were on level 9 of the Dungeon.
You worshipped Ru.
Ru was most pleased with you.
You visited 2 branches of the dungeon, and saw 10 of its levels.
You also visited: Bailey.

You collected 378 gold pieces.

Inventory:

Hand Weapons
 c - a +1 mace
Armour
 a - a +1 robe (worn)
 o - a +0 pair of boots (worn)
 q - a +2 helmet (worn)
Magical Staves
 n - a staff of conjuration (weapon)
Jewellery
 s - a ring of protection from fire (left hand)
 w - a ring of ice
 x - a +6 ring of dexterity (right hand)
 A - a +6 ring of intelligence
Scrolls
 e - 2 scrolls of identify
 g - a scroll of blinking
 r - a scroll of enchant armour
 t - a scroll of enchant weapon
 u - a scroll of silence
 y - a scroll of vulnerability
 z - a scroll of amnesia {unknown}
Potions
 b - a potion of magic
 d - a potion of cancellation
 f - 4 potions of attraction
 h - 2 potions of haste
 i - 4 potions of might
 j - 2 potions of ambrosia
 k - a potion of lignification
 l - a potion of heal wounds
 m - 5 potions of curing
 p - a potion of berserk rage
 v - 2 potions of flight


   Skills:
 + Level 6.2 Fighting
 - Level 2.4 Dodging
 - Level 2.4 Stealth
 + Level 10.3 Spellcasting
 + Level 8.2 Conjurations
 * Level 12.0 Fire Magic


You had 15 spell levels left.
You knew the following spells:

 Your Spells              Type           Power      Damage    Failure   Level
a - Foxfire               Conj/Fire      100%       2x1d9     1%          1
b - Scorch                Fire           100%       2d10      1%          2
c - Conjure Flame         Conj/Fire      77%        6-21      1%          3
d - Inner Flame           Hex/Fire       43%        N/A       1%          3
e - Flame Wave            Conj/Fire      77%        2d14      1%          4
f - Freeze                Ice            48%        1d7       4%          1

Your spell library contained the following spells:

 Spells                   Type           Power      Damage    Failure   Level
 Sandblast                Erth           24%        2d8       4%          1
 Hailstorm                Conj/Ice       50%        3d11      9%          4
 Frozen Ramparts          Ice            24%        1d4       14%         3
 Discord                  Hex            6%         N/A       100%        8
 Summon Guardian Golem    Hex/Summ       Unusable   N/A       N/A         3

Dungeon Overview and Level Annotations

Branches:
Dungeon (9/15)             Temple (1/1) D:5            Lair (0/6) D:8
    Orc (0/2) D:9          Bailey (visited)

Altars:
Ashenzari
Cheibriados
Dithmenos
Elyvilon
Fedhas
Gozag
Hepliaklqana
Kikubaaqudgha
Makhleb
Nemelex Xobeh
Qazlal
Ru
Sif Muna
Trog
Uskayaw
Vehumet
Wu Jian
Xom
Zin

Annotations:
D:5 Eustachio
D:7 4 runed translucent doors, Crazy Yiuf; initializr's ghost, novice VSFi; jt's ghost, novice VSDe; jt's ghost, weakling VSDe; kal9871's ghost, novice PaFi; robertstho's ghost, novice DjFE
D:8 1 runed translucent door, kae's ghost, novice DgFE


Innate Abilities, Weirdness & Mutations

You cannot study or use magical devices.
You are hated by all.


Message History

The wyvern's fire resistance burns away.
The wyvern bites you! The wyvern barely misses you.
Casting: Scorch (safe; 1% risk of failure)
Confirm with . or Enter, or press ? or * to list all spells.
Casting: Flame Wave (dangerous; 1% risk of failure)
Press: ? - help, Dir - look around, f - activate You feel a surge of power!
A wave of flame ripples out!
The flame wave engulfs the wyvern!!
The wyvern is burned terribly!
You kill the wyvern! (Press . to intensify the flame waves.)
You hear two shouts!
You hear an angry buzzing noise.
You hear a shout!
A wave of flame ripples out!
A wave of flame ripples out!
The flame wave engulfs the troll!
The troll is moderately wounded.
You finish channelling waves of flame.
The troll attacks as you move away! The troll barely misses you.
The troll claws you. x2
The troll attacks as you move away! The troll barely misses you. x2
The troll claws you but does no damage.
Unknown command.
Casting: Flame Wave (dangerous; 1% risk of failure)
Confirm with . or Enter, or press ? or * to list all spells.
Casting: Flame Wave (dangerous; 1% risk of failure)
Press: ? - help, Dir - look around, f - activate You feel a surge of power!
A wave of flame ripples out!
The flame wave engulfs the troll!
The troll is heavily wounded. (Press . to intensify the flame waves.)
The troll bites you! The troll claws you. x2
A wave of flame ripples out!
The flame wave engulfs the troll!
The troll is severely wounded.
The troll closely misses you. The troll claws you. The troll claws you!
* * * LOW HITPOINT WARNING * * *
A wave of flame ripples out!
The flame wave engulfs the troll!
The troll is almost dead.
You finish channelling waves of flame.
The troll bites you.
* * * LOW HITPOINT WARNING * * *
The troll claws you.
You die...

################################
................................
#######.........@T..............
# #..#####..###..#######.#.y #
#..####...# #...# .T #
#####.....#####.# . #
#......8......#.# #
#.............#.# #
##.............#.# #
##................# #
#..8.....>)....8..#


You could see a troll.

Vanquished Creatures
  A two-headed ogre (D:9)
  Pikel (D:7)
  Joseph (D:7)
  Psyche (D:8)
  A shadow (D:8)
  11 yaks
  A basilisk (D:8)
  4 wyverns
  4 water moccasins
  Duvessa (D:7)
  3 orc warriors (D:7)
  2 ice beasts
  A black bear (D:5)
  2 ogres
  A lemure (D:7)
  2 centaurs
  4 phantoms
  A gnoll sergeant (D:7)
  7 scorpions
  A necrophage (D:6)
  2 troll zombies (D:9)
  Dowan (D:7)
  A jelly (D:6)
  7 orc priests
  A hound (D:4)
  6 orc wizards
  6 ogre zombies (D:9)
  3 gnolls
  8 adders
  4 shadow imps
  2 white imps (D:7)
  2 ufetubi (D:6)
  A worm (D:2)
  5 dart slugs
  23 orcs
  A ball python (D:1)
  7 endoplasms
  3 giant cockroaches
  10 goblins
  13 hobgoblins
  4 jackals (D:3)
  5 kobolds
  7 quokkas
  9 bats
  8 frilled lizards
  2 goblin skeletons (D:9)
  2 goblin zombies (D:9)
  2 hobgoblin skeletons (D:9)
  5 hobgoblin zombies (D:9)
  4 orc skeletons (D:9)
  9 orc zombies (D:9)
  3 rats
216 creatures vanquished.

Vanquished Creatures (others)
  A hobgoblin (Bailey)
  An orc zombie (D:9)
  A bush (D:8)
  609 foxfires
  25 fungi
  16 plants (D:8)
653 creatures vanquished.

Grand Total: 869 creatures vanquished

Notes
Turn   | Place    | Note
-------+----------+-------------------------------------------
     0 | D:1      | kae the Deep Elf Fire Elementalist began the quest for the
                  | Orb.
     0 | D:1      | Reached XP level 1. HP: 10/10 MP: 6/6
   186 | D:1      | Reached XP level 2. HP: 16/16 MP: 5/8
   189 | D:1      | Learned a level 2 spell: Scorch
   557 | D:1      | Reached XP level 3. HP: 20/20 MP: 5/9
   672 | D:1      | Got the Guide on the Ashen Oath
   702 | D:1      | Reached skill level 4 in Fire Magic
   802 | D:1      | Found a faded altar of an unknown god.
   868 | D:1      | Learned a level 3 spell: Conjure Flame
  1177 | D:2      | Reached skill level 1 in Fighting
  1665 | D:2      | Reached XP level 4. HP: 25/25 MP: 7/11
  2907 | D:3      | Found an ornate altar of the Wu Jian Council.
  3466 | D:4      | Found a stormy altar of Qazlal.
  3879 | D:4      | Reached XP level 5. HP: 29/29 MP: 9/13
  4112 | D:5      | Entered Level 5 of the Dungeon
  4145 | D:5      | Found a snail-covered altar of Cheibriados.
  4166 | D:5      | Reached skill level 5 in Fire Magic
  4245 | D:5      | Found a staircase to the Ecumenical Temple.
  4287 | D:5      | Noticed Eustachio
  4298 | Temple   | Entered the Ecumenical Temple
  4567 | Temple   | Became a worshipper of Ru the Awakened
  4623 | D:5      | Noticed an ogre
  4632 | D:5      | Killed an ogre
  4633 | D:5      | Reached XP level 6. HP: 35/35 MP: 8/15
  4763 | D:5      | Noticed an ice beast
  4770 | D:5      | Killed an ice beast
  4874 | D:5      | Reached skill level 5 in Spellcasting
  4874 | D:5      | Reached skill level 6 in Fire Magic
  5207 | D:6      | Reached XP level 7. HP: 40/40 MP: 10/16
  6084 | D:6      | Reached skill level 7 in Fire Magic
  6198 | D:6      | Gained mutation: You are hated by all. [Ru sacrifice]
  6198 | D:6      | Reached * piety under Ru
  6301 | D:6      | Reached XP level 8. HP: 38/46 MP: 16/19
  6955 | D:7      | Noticed Pikel
  7374 | D:7      | Reached skill level 5 in Conjurations
  7379 | D:7      | Reached skill level 8 in Fire Magic
  8047 | D:7      | Noticed Joseph
  8347 | D:7      | Found a runed translucent door.
  8352 | D:7      | Learned a level 3 spell: Inner Flame
  8357 | D:7      | Learned a level 4 spell: Flame Wave
  8359 | D:7      | Learned a level 1 spell: Freeze
  8359 | D:7      | Noticed Crazy Yiuf
  8552 | D:7      | Killed Joseph
  8553 | D:7      | Reached skill level 9 in Fire Magic
  8553 | D:7      | Reached XP level 9. HP: 14/52 MP: 12/22
  8859 | D:7      | Noticed Duvessa
  8859 | D:7      | Noticed Dowan
  8868 | D:7      | Killed Duvessa
  8874 | D:7      | Killed Dowan
  9049 | D:7      | Killed Pikel
  9214 | D:7      | Found a runed translucent gate.
  9214 | D:7      | Found a runed translucent gate.
  9214 | D:7      | Found a runed translucent gate.
  9215 | D:7      | Noticed initializr's ghost (novice VSFi)
  9215 | D:7      | Noticed jt's ghost (weakling VSDe)
  9217 | D:7      | Noticed robertstho's ghost (novice DjFE)
  9217 | D:7      | Noticed jt's ghost (novice VSDe)
  9218 | D:7      | Noticed kal9871's ghost (novice PaFi)
  9229 | D:8      | Found a flagged portal.
  9240 | Bailey   | Entered a bailey
  9739 | D:8      | Found a hide-covered altar of Uskayaw.
  9765 | D:8      | Noticed Psyche
  9770 | D:8      | Found a runed translucent door.
  9770 | D:8      | Identified the +5 spear of Daploof {vamp, rElec rF+}
  9771 | D:8      | Noticed kae's ghost (novice DgFE)
  9797 | D:8      | Killed Psyche
  9798 | D:8      | Reached skill level 10 in Fire Magic
  9871 | D:8      | Reached skill level 5 in Fighting
 10033 | D:8      | Reached XP level 10. HP: 10/59 MP: 18/25
 10537 | D:8      | Found a staircase to the Lair.
 10580 | D:8      | Reached skill level 11 in Fire Magic
 10840 | D:8      | Found a shimmering blue altar of Sif Muna.
 11511 | D:8      | Gained mutation: You cannot study or use magical devices.
                  | [Ru sacrifice]
 11511 | D:8      | Reached ** piety under Ru
 11511 | D:8      | Reached *** piety under Ru
 11903 | D:9      | Noticed a two-headed ogre
 11916 | D:9      | Killed a two-headed ogre
 12777 | D:9      | Reached skill level 10 in Spellcasting
 13169 | D:9      | Reached skill level 12 in Fire Magic
 13295 | D:9      | Found a staircase to the Orcish Mines.
 13417 | D:9      | HP: 3/60 [troll (5)]
 13417 | D:9      | Slain by a troll

Illustrated notes

Levels and vault maps discovered:
D:1:      wheals_arrival_linesprint, layout_rooms,
          hellmonk_ecumenical_altar_lost_god
D:2:      layout_loops_ring
D:3:      layout_basic, nicolae_wu_jian_immortal_techniques, st_stairs_13
D:4:      layout_gridville, mainiacjoe_overflow_concentric_impassable
D:5:      layout_cave_pods, old_standard_altar, minmay_temple_entry_arrows,
          serial_shops, nicolae_shop_overgrown_old_shop, uniq_eustachio
D:6:      layout_gridville
D:7:      old_forge, layout_loops_corners, gammafunk_ghost_cemetery,
          uniq_crazy_yiuf_cottage, uniq_duvessa, uniq_pikel, uniq_joseph
D:8:      layout_cave_pools, mainiacjoe_overflow_catwalk,
          mainiacjoe_overflow_brackets, minmay_lair_entry_grove,
          enter_ossuary_5, enter_bailey_2, ebering_ghost_funeral_grove,
          uniq_psyche
D:9:      layout_long_grid, marbit_many_paths, zombieorc2_lemuel, minmay_bent
Temple:   minmay_temple_curvy_branch

Skill      XL: |  1  2  3  4  5  6  7  8  9 10 |
---------------+-------------------------------+-----
Fire Magic     | 4 5 6 7 9 10 12 | 12.0
Fighting       | 1 2 3 4 5 6 |  6.2
Conjurations   | 2 3 4 5 7 8 |  8.2
Spellcasting   | 4 5 6 7 9 10 | 10.3
Dodging        | |  2.4
Stealth        | |  2.4

Action                   |  1- 3 |  4- 6 |  7- 9 | 10-12 || total
-------------------------+-------+-------+-------+-------++-------
Melee: Staff             |       |       |       |     1 ||     1
 Cast: Foxfire           |    73 |    79 |   104 |    97 ||   353
       Scorch            |     2 |    12 |    65 |    38 ||   117
       Conjure Flame     |       |       |    16 |     4 ||    20
       Inner Flame       |       |       |     4 |       ||     4
       Flame Wave        |       |       |     3 |    11 ||    14
Invok: Sacrifice Love    |       |       |     1 |       ||     1
       Sacrifice Artific |       |       |       |     1 ||     1
  Use: Scroll            |     4 |    11 |     5 |     2 ||    22
       Potion            |       |       |       |     1 ||     1
Armor: Robe              |     4 |       |    21 |    22 ||    47
Dodge: Dodged            |     2 |     2 |    41 |    59 ||   104

Table legend: (Time is in decaauts)
 A = Elapsed time spent in this place.
 B = Non-inter-level travel time spent in this place.
 C = Inter-level travel time spent in this place.
 D = Time resting spent in this place.
 E = Time spent auto-exploring this place.
 F = Levels seen in this place.
 G = Mean time per level.
                   A        B        C        D        E       F      G
               +--------+--------+--------+--------+--------+-----+--------+
         Total |  13409 |  12847 |    562 |   2117 |   8875 |  11 | 1219.0 |
       Dungeon |  13033 |  12515 |    518 |   2117 |   8590 |   9 | 1448.1 |
        Temple |    291 |    247 |     44 |      0 |    245 |   1 |  291.0 |
        Bailey |     84 |     84 |      0 |      0 |     40 |   1 |   84.0 |
               +--------+--------+--------+--------+--------+-----+--------+

Top non-repeatable levels by time:
     D:7: 2950 daAuts
     D:8: 2325 daAuts
     D:6: 1862 daAuts
     D:3: 1417 daAuts
     D:1: 1067 daAuts
     D:9: 989 daAuts
     D:2: 825 daAuts
     D:4: 799 daAuts
     D:5: 795 daAuts
  Temple: 291 daAuts
  Bailey: 84 daAuts
